 Dungeon Crawl Stone Soup version 0.31-a0-1469-gd420192249 (webtiles) character file.

Game seed: 17702150193070672002

503 BigPumpCobain the Ruffian (level 6, -17/59 HPs)
             Began as a Troll Shapeshifter on Dec 29, 2023.
             Demolished by BigPumpCobain's ghost (19 damage)
             ... on level 5 of the Dungeon.
             The game lasted 00:03:18 (2706 turns).

BigPumpCobain the Ruffian (Troll Shapeshifter)      Turns: 2706, Time: 00:03:18

Health: -17/59     AC:  6    Str: 25    XL:     6   Next: 96%
Magic:  5/5        EV:  9    Int:  6    God:
Gold:   278        SH:  0    Dex:  9    Spells: 5/5 levels left

rFire   . .          .
                       - Unarmed
rCold   + . .        (no shield)
rNeg    . . .        f - +2 robe {rC+}
rPois   .            (helmet currently unavailable)
rElec   .            (cloak currently unavailable)
rCorr   .            (gloves unavailable)
SInv    .            (boots unavailable)
Will    +....        (no amulet)
Stlth   +            t - ring of willpower
HPRegen 1.09/turn    (no ring)
MPRegen 0.09/turn

%: no passive effects
@: beast-form
A: beast (slay +2), large, unfitting armour, claws 3, regeneration 1, shaggy fur
1, tough skin 1
a: Begin Untransformation


You were on level 5 of the Dungeon.
You were a hulking beast.
You visited 1 branch of the dungeon, and saw 5 of its levels.

You collected 278 gold pieces.

Inventory:

Armour
 f - a +2 robe of cold resistance (worn)
Jewellery
 l - an amulet of magic regeneration
 t - a ring of willpower (left claw)
Talismans
 c - a beast talisman
 d - a flux talisman
Wands
 o - a wand of flame (10)
 u - a wand of roots (9)
Scrolls
 a - a scroll of poison {unknown}
 g - a scroll of immolation {unknown}
 k - a scroll of amnesia
 n - a scroll of enchant armour {unknown}
 q - 2 scrolls of enchant weapon {unknown}
 r - a scroll of revelation {unknown}
 s - 4 scrolls of identify
 v - a scroll of teleportation
Potions
 b - a potion of lignification
 e - 3 potions of attraction {unknown}
 h - a potion of curing {unknown}
 i - a potion of invisibility {unknown}
 j - 2 potions of resistance {unknown}
 m - 4 potions of brilliance {unknown}
 p - a potion of ambrosia {unknown}


   Skills:
 + Level 2.9 Fighting
 - Level 1.5 Dodging
 * Level 6.0 Unarmed Combat
 + Level 4.4 Shapeshifting


You had 5 spell levels left.
You didn't know any spells.
Your spell library contained the following spells:

 Spells                   Type           Power      Damage    Failure   Level
 Apportation              Tloc           0%         N/A       45%         1
 Necrotise                Necr           0%         1d4       45%         1
 Sting                    Conj/Alch      0%         1d3       45%         1
 Summon Small Mammal      Summ           0%         N/A       45%         1


Dungeon Overview and Level Annotations

Branches:
Dungeon (5/15)
 Temple: D:4-7

Altars:
Fedhas
Wu Jian

Shops:
D:2 (   D:4 *   D:5 *

Annotations:
D:3 2 transporters, Azoth's ghost, amateur DrFi
D:4 exclusion: oklob plant
D:5 BigPumpCobain's ghost, novice TrSh


Innate Abilities, Weirdness & Mutations

You are a hulking beast.
Your limbs bulge with bestial killing power. (Slay +2)
You are too large for most types of armour.
You have claws for hands.
Your natural rate of healing is unusually fast.
You are covered in fur. (AC +1)
You have tough skin. (AC +1)


Message History

You mangle the river rat!!
You kill the river rat!
Your Unarmed Combat skill increases to level 6!
You completely miss the river rat. The river rat barely misses you.
You claw the river rat!
You kill the river rat!
You claw BigPumpCobain's ghost!
BigPumpCobain's ghost is lightly damaged.
BigPumpCobain's ghost barely misses you.
You claw BigPumpCobain's ghost!
BigPumpCobain's ghost is moderately damaged.
BigPumpCobain's ghost closely misses you.
You closely miss BigPumpCobain's ghost.
BigPumpCobain's ghost is moderately damaged.
BigPumpCobain's ghost sneers, "Only the weak need weapons."
BigPumpCobain's ghost hits you.
You closely miss BigPumpCobain's ghost.
BigPumpCobain's ghost is moderately damaged.
BigPumpCobain's ghost hits you!
You claw BigPumpCobain's ghost!
BigPumpCobain's ghost is heavily damaged.
BigPumpCobain's ghost hits you!!
You scratch BigPumpCobain's ghost.
BigPumpCobain's ghost is heavily damaged.
BigPumpCobain's ghost hits you!
* * * LOW HITPOINT WARNING * * *
You scratch BigPumpCobain's ghost but do no damage.
BigPumpCobain's ghost is heavily damaged.
You barely miss BigPumpCobain's ghost.
BigPumpCobain's ghost is heavily damaged.
BigPumpCobain's ghost hits you!
* * * LOW HITPOINT WARNING * * *
You scratch BigPumpCobain's ghost. You claw BigPumpCobain's ghost!
BigPumpCobain's ghost is severely damaged.
BigPumpCobain's ghost hits you!
* * * LOW HITPOINT WARNING * * *
You claw BigPumpCobain's ghost!
BigPumpCobain's ghost is almost destroyed.
BigPumpCobain's ghost hits you!!
You die...

.. #..###'## .....
... #..###).# ....
...######.......# ...
........#.......# ..
........##'######. .
..................
#...(......##########
#..........#B~~~~~
#.........hWr~~~:~
+..........#r~~~~~
#..........#######
#.....#####....#
#..†..#...#....#
#.....#...#....#
#.....#...#....###+##
#.....#...#####.....#
#.....'.......'.....#


You could see BigPumpCobain's ghost, a quokka, a giant cockroach and a rat.

Vanquished Creatures
  A black bear (D:4)
  An ogre (D:4)
  A scorpion (D:5)
  A howler monkey (D:4)
  A bombardier beetle (D:5)
  A jelly (D:4)
  An iguana (D:4)
  2 river rats (D:5)
  6 adders
  A worm (D:2)
  A dart slug (D:2)
  3 orcs
  5 ball pythons
  4 bats
  3 endoplasms
  2 giant cockroaches
  8 goblins
  2 hobgoblins (D:4)
  2 jackals (D:1)
  3 quokkas
  A frilled lizard (D:3)
  11 kobolds
  5 rats
66 creatures vanquished.

Notes
Turn   | Place    | Note
-------+----------+-------------------------------------------
     0 | D:1      | BigPumpCobain the Troll Shapeshifter began the quest for
                  | the Orb.
     0 | D:1      | Reached XP level 1. HP: 18/18 MP: 0/0
   177 | D:1      | Reached skill level 1 in Fighting
   184 | D:1      | Reached XP level 2. HP: 27/27 MP: 1/1
   784 | D:2      | Reached XP level 3. HP: 33/33 MP: 2/2
   935 | D:2      | Found Omiwi's Antique Weapon Boutique.
  1133 | D:3      | Reached skill level 4 in Unarmed Combat
  1150 | D:3      | Noticed a gnoll sergeant
  1173 | D:3      | Found a transporter.
  1179 | D:3      | Found a transporter.
  1182 | D:3      | Noticed Azoth's ghost (amateur DrFi)
  1212 | D:3      | Reached XP level 4. HP: 41/41 MP: 3/3
  1671 | D:4      | Reached XP level 5. HP: 44/49 MP: 4/4
  1750 | D:4      | Found an ornate altar of the Wu Jian Council.
  2108 | D:4      | Found a blossoming altar of Fedhas.
  2119 | D:4      | Noticed an oklob plant
  2262 | D:4      | Found Jawoles's Overcharged Wands.
  2557 | D:5      | Entered Level 5 of the Dungeon
  2557 | D:5      | Noticed a black bear
  2557 | D:5      | Noticed an ogre
  2557 | D:5      | Found Oghal's General Store.
  2566 | D:4      | Killed a black bear
  2567 | D:4      | Reached skill level 5 in Unarmed Combat
  2567 | D:4      | Reached XP level 6. HP: 39/59 MP: 5/5
  2649 | D:5      | Found a runed translucent door.
  2649 | D:5      | Noticed BigPumpCobain's ghost (novice TrSh)
  2695 | D:5      | Reached skill level 6 in Unarmed Combat
  2705 | D:5      | HP: 1/59 [BigPumpCobain's ghost (10)]
  2706 | D:5      | Demolished by BigPumpCobain's ghost

Illustrated notes

Levels and vault maps discovered:
D:1:      sevenhm_arrival_forest_fort_large_2, layout_loops_ring
D:2:      layout_rooms, serial_shops, nicolae_shop_dealshenge
D:3:      layout_rooms, gammafunk_ghost_gnarly_gnolls, grunt_ministairs_9
D:4:      layout_loops_corners, tgw_fedhas, nzn_wu_jian_contemplation,
          nicolae_shop_overcharged_wands
D:5:      layout_gridville, minmay_temple_entry_butterflies, serial_shops,
          nicolae_stop_n_shop_2, ebering_ghost_sewer_f, corner_web_ring,
          cheibrodos_gnoll_hut

Skill      XL: |  1  2  3  4  5  6 |
---------------+-------------------+-----
Fighting       | 1 2 |  2.9
Unarmed Combat | 4 5 6 |  6.0
Shapeshifting  | 4 |  4.4
Dodging        | |  1.5

Action                     |  1- 3 |  4- 6 || total
---------------------------+-------+-------++-------
  Melee: Unarmed           |    83 |    84 ||   167
         Punch             |       |     4 ||     4
    Use: Scroll            |     4 |       ||     4
   Stab: Sleeping          |     1 |       ||     1
 Armour: Skin              |     9 |       ||     9
         Animal skin       |     3 |       ||     3
         Robe              |    31 |    53 ||    84
  Dodge: Dodged            |    40 |    28 ||    68

Table legend: (Time is in decaauts)
 A = Elapsed time spent in this place.
 B = Non-inter-level travel time spent in this place.
 C = Inter-level travel time spent in this place.
 D = Time resting spent in this place.
 E = Time spent auto-exploring this place.
 F = Levels seen in this place.
 G = Mean time per level.
                   A        B        C        D        E       F      G
               +--------+--------+--------+--------+--------+-----+--------+
         Total |   2694 |   2580 |    114 |     22 |   2132 |   5 |  538.8 |
       Dungeon |   2694 |   2580 |    114 |     22 |   2132 |   5 |  538.8 |
               +--------+--------+--------+--------+--------+-----+--------+

Top non-repeatable levels by time:
     D:4: 1030 daAuts
     D:1: 742 daAuts
     D:3: 439 daAuts
     D:2: 364 daAuts
     D:5: 116 daAuts
